 Dungeon Crawl Stone Soup version 0.30-a0-528-g8c47a4955b (webtiles) character file.

Game seed: 210737281463230577

50 Shayle the Poker (level 3, -3/28 HPs)
             Began as a Demonspawn Reaver on Dec 23, 2022.
             Killed by nerve-wracking pain
             ... invoked by an orc priest
              (10 damage)
             ... on level 3 of the Dungeon.
             The game lasted 00:03:17 (1885 turns).

Shayle the Poker (Demonspawn Reaver)                Turns: 1885, Time: 00:03:18

Health: -3/28      AC:  3    Str: 12    XL:     3   Next: 55%
Magic:  6/6        EV: 11    Int: 16    God:
Gold:   78         SH:  0    Dex: 11    Spells: 5/6 levels left

rFire   + . .      SeeInvis .    n - +8 spear of the Grand God {vorpal, rF+}
rCold   . . .      Faith    .    (no shield)
rNeg    . . .      Spirit   .    b - +0 leather armour
rPois   .          Reflect  .    (no helmet)
rElec   .          Harm     .    (no cloak)
rCorr   .          Rampage  .    (no gloves)
Will    .....                    (no boots)
Stlth   +                        i - amulet of magic regeneration
HPRegen 0.24/turn                (no ring)
MPRegen 0.60/turn                (no ring)

@: no status effects
A: claws 1, magic regeneration
a: no special abilities


You were on level 3 of the Dungeon.
You visited 1 branch of the dungeon, and saw 3 of its levels.

You collected 78 gold pieces.

Inventory:

Hand Weapons
 k - a +2 broad axe of draining
 n - the +8 spear of the Grand God (weapon) {vorpal, rF+}
   (You found it on level 3 of the Dungeon)

   It inflicts extra damage upon your enemies.
   rF:        It protects you from fire.
Armour
 b - a +0 leather armour (worn)
Jewellery
 i - an amulet of magic regeneration (around neck)
Scrolls
 a - a scroll of silence {unknown}
 c - 2 scrolls of enchant armour {unknown}
 d - a scroll of blinking {unknown}
 f - 2 scrolls of identify {unknown}
 g - 3 scrolls of torment
 h - a scroll of enchant weapon {unknown}
 j - a scroll of magic mapping {unknown}
 l - 2 scrolls of noise {unknown}
 o - a scroll of brand weapon {unknown}
Potions
 e - 2 potions of curing
 m - a potion of berserk rage {unknown}


   Skills:
 + Level 2.6 Fighting
 + Level 3.1 Polearms
 + Level 1.1 Armour
 - Level 1.7 Dodging
 + Level 1.3 Stealth
 - Level 2.0 Spellcasting
 - Level 3.0 Conjurations


You had 5 spell levels left.
You knew the following spells:

 Your Spells              Type           Power      Damage    Failure   Level
a - Kiss of Death         Conj/Necr      24%        2d7       14%         1

Your spell library contained the following spells:

 Spells                   Type           Power      Damage    Failure   Level
 Momentum Strike          Conj/Tloc      12%        3d8       22%         2
 Hailstorm                Conj/Ice       6%         3d4       38%         3


Dungeon Overview and Level Annotations

Branches:
Dungeon (3/15)

Altars:

Annotations:
D:3 3 runed translucent doors


Innate Abilities, Weirdness & Mutations

You have sharp fingernails.
You regenerate magic rapidly.


Message History

You feel sick.
You are no longer poisoned.
A gnoll comes into view. It is wielding a +0 club.
The gnoll shouts!
The orc priest hits you but does no damage.
A gnoll comes into view. It is wielding a +0 halberd.
A gnoll comes into view. It is wielding a +0 club.
Things that are here:
a +0 short sword; 3 poisoned darts; a kobold corpse You barely miss the orc priest.
The orc priest closely misses you.
A gnoll comes into view. It is wielding a +0 halberd.
You puncture the orc priest!
The orc priest is severely wounded.
The orc priest barely misses you.
The orc priest calls upon Beogh to heal the orc priest.
The orc priest is healed somewhat.
You hit the orc priest.
The orc priest is heavily wounded.
The orc priest calls down the wrath of Beogh upon you.
Pain shoots through your body!
You hit the orc priest.
The orc priest is severely wounded.
The orc priest invokes the aid of Beogh against you.
Pain shoots through your body!
You barely miss the orc priest.
The orc priest is severely wounded.
The orc priest invokes the aid of Beogh against you.
Beogh smites you!
* * * LOW HITPOINT WARNING * * *
It was a potion of curing.
You feel better.
You aren't carrying any items that you can evoke.
Unknown command.
As you read the scroll labelled TEGHAZ ZUOZU, it crumbles to dust.
Your body is wracked with pain!
* * * LOW HITPOINT WARNING * * *
The orc priest convulses! x2; The gnoll convulses!
The orc convulses!
It was a scroll of torment.
The orc priest calls down the wrath of Beogh upon you.
Pain shoots through your body!
You die...

#.....#####.......
#.#...............
#.################
#.# # #.# #. #.#
##..##.######..
#.....ooggo....
####..#@##g.....
........# .....
#####.### g... #.
... # .. .


You could see 2 orc priests, 2 gnolls and an orc.

Vanquished Creatures
  An adder (D:2)
  2 endoplasms
  6 giant cockroaches
  3 goblins
  3 hobgoblins (D:1)
  3 kobolds
  2 quokkas
  6 ball pythons
  6 bats
  2 frilled lizards
  2 rats
36 creatures vanquished.

Notes
Turn   | Place    | Note
-------+----------+-------------------------------------------
     0 | D:1      | Shayle the Demonspawn Reaver began the quest for the Orb.
     0 | D:1      | Reached XP level 1. HP: 16/16 MP: 3/3
   192 | D:1      | Gained mutation: You regenerate magic rapidly. [demonic
                  | ancestry]
   192 | D:1      | Reached XP level 2. HP: 22/22 MP: 5/5
   512 | D:1      | Reached skill level 1 in Stealth
   942 | D:2      | Reached skill level 1 in Armour
   942 | D:2      | Gained mutation: You have sharp fingernails. [demonic
                  | ancestry]
   942 | D:2      | Reached XP level 3. HP: 20/28 MP: 6/6
  1616 | D:3      | Found a runed translucent gate.
  1616 | D:3      | Found a runed translucent gate.
  1616 | D:3      | Found a runed translucent gate.
  1715 | D:3      | Identified the +8 spear of the Grand God {vorpal, rF+}
  1885 | D:3      | Killed from afar by an orc priest

Illustrated notes

Levels and vault maps discovered:
D:1:      mrwooster_arrival_statue, layout_basic
D:2:      layout_basic
D:3:      layout_basic, lightli_temple_of_fire, brannock_xom_greatest_gift,
          serial_rivers, chequers_serial_rivers_small_a,
          chequers_serial_rivers_micro_c, chequers_serial_rivers_micro_d,
          chequers_serial_rivers_small_b, chequers_serial_rivers_small_a,
          chequers_serial_rivers_room_b, gammafunk_ghost_cemetery, minivault_26,
          hangedman_abyss_or_decor_stabs, minmay_crystal_water,
          hangedman_decor_opposing

Skill      XL: |  1  2 |
---------------+-------+-----
Stealth        | 1 |  1.3
Polearms       | 3 |  3.1
Armour         | 1 |  1.1
Fighting       | |  2.6
Dodging        | |  1.7
Spellcasting   | |  2.0
Conjurations   | |  3.0

Action                   || total
-------------------------++-------
Melee: Spear             ||   105
       Broad axe         ||    13
  Use: Scroll            ||     1
       Potion            ||     1
Armor: Leather armour    ||    34
Dodge: Dodged            ||    83

Table legend: (Time is in decaauts)
 A = Elapsed time spent in this place.
 B = Non-inter-level travel time spent in this place.
 C = Inter-level travel time spent in this place.
 D = Time resting spent in this place.
 E = Time spent auto-exploring this place.
 F = Levels seen in this place.
 G = Mean time per level.
                   A        B        C        D        E       F      G
               +--------+--------+--------+--------+--------+-----+--------+
         Total |   1887 |   1839 |     48 |    136 |   1245 |   3 |  629.0 |
       Dungeon |   1887 |   1839 |     48 |    136 |   1245 |   3 |  629.0 |
               +--------+--------+--------+--------+--------+-----+--------+

Top non-repeatable levels by time:
     D:1: 842 daAuts
     D:2: 769 daAuts
     D:3: 274 daAuts
